 Dungeon Crawl Stone Soup version 0.30-a0-347-gf58ed5266c (webtiles) character file.

Game seed: 248750621431512775

102 hikkokomori the Gusty (level 4, -3/24 HPs)
             Began as a Tengu Air Elementalist on Nov 7, 2022.
             Slain by a gnoll
             ... wielding a +0 flail
              (4 damage)
             ... on level 2 of the Dungeon.
             The game lasted 00:03:11 (1862 turns).

hikkokomori the Gusty (Tengu Air Elementalist)      Turns: 1862, Time: 00:03:12

Health: -3/24      AC:  2    Str:  5 (8)  XL:     4   Next: 78%
Magic:  3/9        EV: 12    Int: 15 (18) God:
Gold:   117        SH:  0    Dex: 13 (14) Spells: 3/9 levels left

rFire   . . .      SeeInvis .    g - +0 trident
rCold   . . .      Faith    .    (no shield)
rNeg    . . .      Spirit   .    a - +0 robe
rPois   .          Reflect  .    (helmet restricted)
rElec   .          Harm     .    (no cloak)
rCorr   .          Rampage  .    (no gloves)
Will    .....                    (boots unavailable)
Stlth   ++........               (no amulet)
HPRegen 0.24/turn                (no ring)
MPRegen 0.11/turn                (no ring)

@: no status effects
A: beak, talons 3
a: no special abilities


You were on level 2 of the Dungeon.
You visited 1 branch of the dungeon, and saw 2 of its levels.

You collected 117 gold pieces.

Inventory:

Hand Weapons
 g - a +0 trident (weapon)
Armour
 a - a +0 robe (worn)
Jewellery
 e - an amulet of magic regeneration
Scrolls
 d - a scroll of amnesia {unknown}
 f - a scroll of identify {unknown}
 h - a scroll of magic mapping {unknown}
Potions
 b - a potion of magic
 c - a potion of degeneration
 i - a potion of curing {unknown}
 j - a potion of cancellation {unknown}
 k - a potion of flight {unknown}
 l - a potion of brilliance {unknown}


   Skills:
 - Level 2.1 Dodging
 - Level 2.0 Stealth
 + Level 3.0 Spellcasting
 + Level 3.4 Conjurations
 + Level 5.3 Air Magic


You had 3 spell levels left.
You knew the following spells:

 Your Spells              Type           Power      Damage    Failure   Level
a - Shock                 Conj/Air       60%        1d6       3%          1
b - Static Discharge      Conj/Air       30%        2-4/arc   4%          2
c - Swiftness             Air            18%        N/A       7%          3

Your spell library contained the following spells:

 Spells                   Type           Power      Damage    Failure   Level
 Beastly Appendage        Tmut           4%         N/A       21%         1
 Wereblood                Tmut           2%         N/A       30%         2
 Spider Form              Tmut/Pois      2%         N/A       52%         3
 Airstrike                Air            9%         2d(2-18)  22%         4


Dungeon Overview and Level Annotations

Branches:
Dungeon (2/15)

Altars:


Innate Abilities, Weirdness & Mutations

You have a beak for a mouth.
You have claws for feet.


Message History

The gnoll is moderately wounded.
The gnoll closely misses you.
You hit the gnoll.
The gnoll is heavily wounded.
The gnoll misses you.
Casting: Static Discharge (safe; 4% risk of failure)
Confirm with . or Enter, or press ? or * to list all spells.
The gnoll is struck by an arc of lightning.
The gnoll is severely wounded.
The gnoll is struck by an arc of lightning.
The gnoll is moderately wounded.
The lightning grounds out.
The gnoll barely misses you.
Casting: Static Discharge (safe; 4% risk of failure)
Confirm with . or Enter, or press ? or * to list all spells.
The gnoll is struck by an arc of lightning.
The gnoll is moderately wounded.
The gnoll is struck by an arc of lightning.
You kill the gnoll!
The lightning grounds out.
The gnoll barely misses you. The gnoll hits you with a +0 flail.
Casting: Static Discharge (safe; 4% risk of failure)
Confirm with . or Enter, or press ? or * to list all spells.
The gnoll is struck by an arc of lightning.
The gnoll is heavily wounded.
You are struck by an arc of lightning.
The lightning grounds out.
The gnoll hits you with a +0 flail! The gnoll completely misses you.
Unknown command.
You puncture the gnoll!
You kill the gnoll!
The gnoll hits you with a +0 flail!
Ouch! That really hurt!
* * * LOW HITPOINT WARNING * * *
The gnoll closely misses you.
Your Spellcasting skill increases to level 3!
You are too injured to fight recklessly!
It was a potion of degeneration.
There was something very wrong with that liquid.
You feel weakened.
You feel dopey.
You feel clumsy. The gnoll hits you with a +0 flail.
You die...

.... #.#######.
# ..# #.#### #
.. . #....# #
#.##### #....# .
##
#......####....#
# ..
##........†....#
##
...............#
###
#.............#
...
#....g@.......#
###
#....))>......#
###..$........#
#.........###
#...>.....#
#.........#
#.........#
########+##


You could see a gnoll.

Vanquished Creatures
  2 gnolls (D:2)
  3 adders (D:2)
  A dart slug (D:2)
  3 bats
  5 endoplasms
  A giant cockroach (D:2)
  6 goblins
  6 hobgoblins
  4 jackals (D:1)
  3 kobolds
  3 quokkas (D:1)
  5 ball pythons
  A frilled lizard (D:1)
  5 rats (D:1)
48 creatures vanquished.

Vanquished Creatures (others)
  3 plants (D:1)
3 creatures vanquished.

Grand Total: 51 creatures vanquished

Notes
Turn   | Place    | Note
-------+----------+-------------------------------------------
     0 | D:1      | hikkokomori the Tengu Air Elementalist began the quest for
                  | the Orb.
     0 | D:1      | Reached XP level 1. HP: 10/10 MP: 4/4
    97 | D:1      | Reached XP level 2. HP: 6/15 MP: 1/6
   561 | D:1      | Reached XP level 3. HP: 19/19 MP: 4/7
  1152 | D:1      | Learned a level 2 spell: Static Discharge
  1156 | D:1      | Learned a level 3 spell: Swiftness
  1699 | D:2      | Reached XP level 4. HP: 24/24 MP: 6/9
  1736 | D:2      | Reached skill level 5 in Air Magic
  1861 | D:2      | HP: 1/24 [gnoll/+0 flail (12)]
  1862 | D:2      | Slain by a gnoll

Illustrated notes

Levels and vault maps discovered:
D:1:      minmay_arrival_four_houses, layout_basic, serial_forest,
          infiniplex_forest_diagonal, infiniplex_forest_clump_small,
          infiniplex_forest_zigzag_1, infiniplex_forest_clump_small,
          infiniplex_forest_clump_cross
D:2:      minmay_roachtagon, layout_basic

Skill      XL: |  1  2  3  4 |
---------------+-------------+-----
Conjurations   | 2 3 |  3.4
Air Magic      | 5 |  5.3
Spellcasting   | 3 |  3.0
Dodging        | |  2.1
Stealth        | |  2.0

Action                   |  1- 3 |  4- 6 || total
-------------------------+-------+-------++-------
Melee: Unarmed           |    18 |       ||    18
       Kick              |     8 |     2 ||    10
       Peck              |     3 |       ||     3
       Trident           |       |    10 ||    10
 Cast: Shock             |    79 |     4 ||    83
       Static Discharge  |       |     5 ||     5
  Use: Potion            |       |     1 ||     1
 Stab: Sleeping          |     1 |     1 ||     2
Armor: Robe              |     4 |       ||     4
Dodge: Dodged            |    26 |    13 ||    39

Table legend: (Time is in decaauts)
 A = Elapsed time spent in this place.
 B = Non-inter-level travel time spent in this place.
 C = Inter-level travel time spent in this place.
 D = Time resting spent in this place.
 E = Time spent auto-exploring this place.
 F = Levels seen in this place.
 G = Mean time per level.
                   A        B        C        D        E       F      G
               +--------+--------+--------+--------+--------+-----+--------+
         Total |   1864 |   1850 |     14 |      0 |   1617 |   2 |  932.0 |
       Dungeon |   1864 |   1850 |     14 |      0 |   1617 |   2 |  932.0 |
               +--------+--------+--------+--------+--------+-----+--------+

Top non-repeatable levels by time:
     D:1: 1169 daAuts
     D:2: 694 daAuts
